TOP OF THE 1ST |
Bradenton Marauders batting - Pitching for Dunedin Blue Jays : RHP Jon Thomason
|
Pitching: RHP Jon Thomason
|
|
Batting: RHB Hidesuke Yoshida
|
0-0: Called Strike 0-1: Called Strike 0-2: Strikes out swinging
|
Batting: RHB Mike Weeks
|
0-0: Ball 1-0: Ball 2-0: Ball 3-0: Called Strike 3-1: Base on Balls
|
Batting: RHB Rusty Trader
|
0-0: Called Strike 0-1: Ball 1-1: Swinging Strike 1-2: Foul Ball, location: 2F 1-2: DOUBLE (Line Drive, 7LM, EV 103.8 MPH) Mike Weeks to third
|
Batting: LHB Kazuyoshi Ikeda
|
0-0: Ball 1-0: Ball 2-0: Called Strike 2-1: Ball 3-1: Ground out 4-3 (Groundball, 4, EV 85.6 MPH) Mike Weeks scores Rusty Trader to third
|
Batting: RHB Ryan LeSueur
|
0-0: Ball 1-0: DOUBLE (Groundball, 5L, EV 105.0 MPH) Rusty Trader scores
|
Batting: LHB Dave Cook
|
0-0: Fly out, F7 (Flyball, 7S, EV 88.1 MPH)
|
Top of the 1st over - 2 runs, 2 hits, 0 errors, 1 left on base; Bradenton 2 - Dunedin 0 |
BOTTOM OF THE 1ST |
Dunedin Blue Jays batting - Pitching for Bradenton Marauders : RHP Jason Kaufman
|
Pitching: RHP Jason Kaufman
|
|
Batting: RHB Jorge Cruz
|
0-0: Foul Ball, location: 2F 0-1: Ball 1-1: Called Strike 1-2: Foul Ball, location: 2F 1-2: Ball 2-2: Ball 3-2: TRIPLE (Flyball, 78XD, EV 98.8 MPH)
|
Batting: RHB Norm Mercer
|
0-0: Called Strike 0-1: Ball 1-1: Foul Ball, location: 2F 1-2: Ground out 4-3 (Groundball, 4, EV 88.1 MPH) Jorge Cruz scores
|
Batting: RHB Raul de la Cruz
|
0-0: Called Strike 0-1: Ball 1-1: Ball 2-1: Foul Ball, location: 2F 2-2: Foul Ball, location: 2F 2-2: Ball 3-2: Fly out, F7 (Flyball, 78D, EV 95.6 MPH)
|
Batting: RHB Scott Travis
|
0-0: Ball 1-0: Ball 2-0: Called Strike 2-1: Fly out, F9 (Flyball, 89M, EV 85.0 MPH)
|
Bottom of the 1st over - 1 run, 1 hit, 0 errors, 0 left on base; Bradenton 2 - Dunedin 1 |
TOP OF THE 2ND |
Bradenton Marauders batting - Pitching for Dunedin Blue Jays : RHP Jon Thomason
|
Batting: RHB Hugo Montemayor
|
0-0: DOUBLE (Line Drive, 89D, EV 107.5 MPH)
|
Batting: SHB Jiong Qi
|
0-0: Called Strike 0-1: Ball 1-1: Called Strike 1-2: Ball 2-2: Strikes out swinging
|
Batting: RHB Joe Stepnowski
|
0-0: Ball 1-0: Called Strike 1-1: Foul Ball, location: 2F 1-2: Ball 2-2: Ball 3-2: Base on Balls
|
Batting: RHB Hidesuke Yoshida
|
0-0: DOUBLE (Flyball, 8RXD, EV 115.0 MPH) Hugo Montemayor scores Joe Stepnowski to third
|
Batting: RHB Mike Weeks
|
0-0: Called Strike 0-1: Ground out 6-3 (Groundball, 6S, EV 66.9 MPH) Joe Stepnowski scores Hidesuke Yoshida to third
|
Batting: RHB Rusty Trader
|
0-0: Ball 1-0: Foul Ball, location: 2F 1-1: Swinging Strike 1-2: 2-RUN HOME RUN (Flyball, 7D, EV 95.0 MPH), Distance : 362 ft
|
Pitching: RHP Sergio Valdivia
|
|
Batting: LHB Kazuyoshi Ikeda
|
0-0: Ball 1-0: Swinging Strike 1-1: Called Strike 1-2: Foul Ball, location: 2F 1-2: Strikes out swinging
|
Top of the 2nd over - 4 runs, 3 hits, 0 errors, 0 left on base; Bradenton 6 - Dunedin 1 |
BOTTOM OF THE 2ND |
Dunedin Blue Jays batting - Pitching for Bradenton Marauders : RHP Jason Kaufman
|
Batting: LHB Devin Huber
|
0-0: Ball 1-0: Ball 2-0: Foul Ball, location: 2F 2-1: Ground out 4-3 (Groundball, 4, EV 91.2 MPH)
|
Batting: RHB Bryan Mattis
|
0-0: Ball 1-0: Called Strike 1-1: Ball 2-1: Ground out 4-3 (Groundball, 4M, EV 84.4 MPH)
|
Batting: LHB Roger Escareno
|
0-0: Ball 1-0: Called Strike 1-1: Ground out U3 (Groundball, 3, EV 79.4 MPH)
|
Bottom of the 2nd over - 0 runs, 0 hits, 0 errors, 0 left on base; Bradenton 6 - Dunedin 1 |
TOP OF THE 3RD |
Bradenton Marauders batting - Pitching for Dunedin Blue Jays : RHP Sergio Valdivia
|
Batting: RHB Ryan LeSueur
|
0-0: Ball 1-0: SINGLE (Groundball, 4M, EV 109.4 MPH) (infield hit)
|
Batting: LHB Dave Cook
|
0-0: Called Strike Ryan LeSueur is caught stealing 2nd base 2-6 0-1: Ball 1-1: Foul Ball, location: 2F 1-2: Strikes out swinging
|
Batting: RHB Hugo Montemayor
|
0-0: Called Strike 0-1: Called Strike 0-2: Ball 1-2: Ball 2-2: Strikes out looking
|
Top of the 3rd over - 0 runs, 1 hit, 0 errors, 0 left on base; Bradenton 6 - Dunedin 1 |
BOTTOM OF THE 3RD |
Dunedin Blue Jays batting - Pitching for Bradenton Marauders : RHP Jason Kaufman
|
Batting: RHB Luis Vargas
|
0-0: Ball 1-0: Ball 2-0: Ball 3-0: Base on Balls
|
Batting: RHB Mike Johnson
|
0-0: Ball 1-0: Fielders Choice at 2nd, 5-4 (Groundball, 56, EV 79.4 MPH)
|
Batting: RHB Jorge Cruz
|
0-0: Called Strike Mike Johnson steals 2nd base 0-1: Ball 1-1: Fly out, F8 (Flyball, 8LD, EV 79.4 MPH)
|
Batting: RHB Norm Mercer
|
0-0: Called Strike 0-1: Ball 1-1: Called Strike 1-2: Strikes out swinging
|
Bottom of the 3rd over - 0 runs, 0 hits, 0 errors, 1 left on base; Bradenton 6 - Dunedin 1 |
TOP OF THE 4TH |
Bradenton Marauders batting - Pitching for Dunedin Blue Jays : RHP Sergio Valdivia
|
Pitching: LHP Mike Oakes
|
|
Batting: SHB Jiong Qi
|
0-0: Foul Ball, location: 2F 0-1: Ball 1-1: Swinging Strike 1-2: Ball 2-2: Strikes out swinging
|
Batting: RHB Joe Stepnowski
|
0-0: Called Strike 0-1: Foul Ball, location: 2F 0-2: Ball 1-2: Fly out, F9 (Flyball, 89M, EV 90.6 MPH)
|
Batting: RHB Hidesuke Yoshida
|
0-0: Called Strike 0-1: Foul Ball, location: 2F 0-2: Foul Ball, location: 2F 0-2: Ball 1-2: Ball 2-2: Foul Ball, location: 2F 2-2: Foul Ball, location: 2F 2-2: Strikes out swinging
|
Top of the 4th over - 0 runs, 0 hits, 0 errors, 0 left on base; Bradenton 6 - Dunedin 1 |
BOTTOM OF THE 4TH |
Dunedin Blue Jays batting - Pitching for Bradenton Marauders : RHP Jason Kaufman
|
Batting: RHB Raul de la Cruz
|
0-0: Swinging Strike 0-1: Foul Ball, location: 2F 0-2: Ball 1-2: Ground out 4-3 (Groundball, 4, EV 86.9 MPH)
|
Batting: RHB Scott Travis
|
0-0: Ball 1-0: SINGLE (Line Drive, 3D, EV 98.8 MPH)
|
Batting: LHB Devin Huber
|
0-0: Called Strike Scott Travis steals 2nd base 0-1: Swinging Strike 0-2: Ball 1-2: Ball 2-2: DOUBLE (Line Drive, 3D, EV 100.6 MPH) Scott Travis scores
|
Batting: RHB Bryan Mattis
|
0-0: DOUBLE (Line Drive, 78D, EV 104.4 MPH) Devin Huber scores
|
Batting: LHB Roger Escareno
|
0-0: Ball Wild Pitch! Bryan Mattis to third 1-0: Ball 2-0: Called Strike 2-1: Ground out 6-3 (Groundball, 6M, EV 103.8 MPH) Bryan Mattis scores
|
Batting: RHB Luis Vargas
|
0-0: Called Strike 0-1: Foul Ball, location: 2F 0-2: Fly out, F9 (Flyball, 9, EV 93.8 MPH)
|
Bottom of the 4th over - 3 runs, 3 hits, 0 errors, 0 left on base; Bradenton 6 - Dunedin 4 |
TOP OF THE 5TH |
Bradenton Marauders batting - Pitching for Dunedin Blue Jays : LHP Mike Oakes
|
Pitching: LHP Trevor Kelley
|
|
Batting: RHB Mike Weeks
|
0-0: Ground out 1-3 (Groundball, 13, EV 64.4 MPH)
|
Batting: RHB Rusty Trader
|
0-0: Foul Ball, location: 2F 0-1: Ball 1-1: Ball 2-1: DOUBLE (Line Drive, 5D, EV 105.6 MPH)
|
Batting: LHB Kazuyoshi Ikeda
|
0-0: Fly out, F8 (Flyball, 78M, EV 90.0 MPH)
|
Batting: RHB Ryan LeSueur
|
0-0: Ball 1-0: Fly out, F8 (Flyball, 8RXD, EV 94.4 MPH)
|
Top of the 5th over - 0 runs, 1 hit, 0 errors, 1 left on base; Bradenton 6 - Dunedin 4 |
BOTTOM OF THE 5TH |
Dunedin Blue Jays batting - Pitching for Bradenton Marauders : RHP Jason Kaufman
|
Batting: RHB Mike Johnson
|
0-0: Ball 1-0: SINGLE (Groundball, 6MS, EV 73.1 MPH) (infield hit)
|
Batting: RHB Jorge Cruz
|
0-0: Ball 1-0: Ball 2-0: Ball 3-0: Called Strike 3-1: Base on Balls Mike Johnson to second
|
Batting: RHB Norm Mercer
|
0-0: Ball 1-0: Foul Ball, location: 2F 1-1: Ball 2-1: Ball 3-1: Base on Balls Mike Johnson to third Jorge Cruz to second
|
Batting: RHB Raul de la Cruz
|
0-0: Ball 1-0: Ball 2-0: Called Strike 2-1: Ball 3-1: Called Strike 3-2: Base on Balls Mike Johnson scores Jorge Cruz to third Norm Mercer to second
|
Pitching: LHP Francisco Mendoza
|
|
Batting: RHB Scott Travis
|
0-0: Called Strike 0-1: Grounds into fielders choice 5-2 (Groundball, 56, EV 84.4 MPH) Norm Mercer to third Raul de la Cruz to second
|
Batting: LHB Devin Huber
|
0-0: Ball 1-0: Foul Ball, location: 2F 1-1: Ball 2-1: Swinging Strike 2-2: Strikes out swinging
|
Batting: RHB Bryan Mattis
|
0-0: Ball 1-0: Swinging Strike 1-1: Ball 2-1: Ball 3-1: Foul Ball, location: 2F 3-2: GRAND SLAM HOME RUN (Flyball, 78XD, EV 105.6 MPH), Distance : 412 ft
|
Batting: LHB Roger Escareno
|
0-0: Foul Ball, location: 2F 0-1: Foul Ball, location: 2F 0-2: TRIPLE (Line Drive, 89XD, EV 107.5 MPH)
|
Batting: RHB Luis Vargas
|
0-0: Ball 1-0: Swinging Strike 1-1: Called Strike 1-2: SINGLE (Groundball, 56D, EV 105.6 MPH) Roger Escareno scores
|
Batting: RHB Mike Johnson
|
0-0: Called Strike 0-1: TRIPLE (Flyball, 89XD, EV 93.8 MPH) Luis Vargas scores
|
Pitching: RHP Matt Wax
|
|
Batting: RHB Jorge Cruz
|
0-0: Ball 1-0: Ground out U3 (Groundball, 34S, EV 84.4 MPH)
|
Bottom of the 5th over - 7 runs, 5 hits, 0 errors, 1 left on base; Bradenton 6 - Dunedin 11 |
TOP OF THE 6TH |
Bradenton Marauders batting - Pitching for Dunedin Blue Jays : LHP Trevor Kelley
|
Batting: LHB Dave Cook
|
0-0: Ball 1-0: Ball 2-0: Called Strike 2-1: Swinging Strike 2-2: Ball 3-2: Foul Ball, location: 2F 3-2: Strikes out swinging
|
Pitching: RHP Mike Merriman
|
|
Batting: RHB Hugo Montemayor
|
0-0: Called Strike 0-1: Ball 1-1: Called Strike 1-2: Ground out 5-3 (Groundball, 56, EV 107.5 MPH)
|
Batting: SHB Jiong Qi
|
0-0: Swinging Strike 0-1: Called Strike 0-2: Strikes out swinging
|
Top of the 6th over - 0 runs, 0 hits, 0 errors, 0 left on base; Bradenton 6 - Dunedin 11 |
BOTTOM OF THE 6TH |
Dunedin Blue Jays batting - Pitching for Bradenton Marauders : RHP Matt Wax
|
Batting: RHB Norm Mercer
|
0-0: Ground out 4-3 (Groundball, 4MD, EV 106.9 MPH)
|
Batting: RHB Raul de la Cruz
|
0-0: Ball 1-0: Foul Ball, location: 2F 1-1: Ball 2-1: Ball 3-1: Called Strike 3-2: Foul Ball, location: 2F 3-2: Base on Balls
|
Batting: RHB Scott Travis
|
0-0: Called Strike 0-1: Ball 1-1: Ball 2-1: Foul Ball, location: 2F 2-2: Fly out, F8 (Flyball, 89S, EV 91.9 MPH)
|
Batting: LHB Devin Huber
|
0-0: Ball 1-0: Ball 2-0: Ground out 6-3 (Groundball, 6M, EV 100.0 MPH)
|
Bottom of the 6th over - 0 runs, 0 hits, 0 errors, 1 left on base; Bradenton 6 - Dunedin 11 |
TOP OF THE 7TH |
Bradenton Marauders batting - Pitching for Dunedin Blue Jays : RHP Mike Merriman
|
Batting: RHB Joe Stepnowski
|
0-0: Ball 1-0: Called Strike 1-1: Foul Ball, location: 2F 1-2: Strikes out swinging
|
Batting: RHB Hidesuke Yoshida
|
0-0: Foul Ball, location: 2F 0-1: Swinging Strike 0-2: Strikes out swinging
|
Batting: RHB Mike Weeks
|
0-0: Foul Ball, location: 2F 0-1: Foul Ball, location: 2F 0-2: SINGLE (Groundball, 56D, EV 98.8 MPH)
|
Pitching: LHP Akinori Morikawa
|
|
Batting: RHB Rusty Trader
|
0-0: Ball Mike Weeks is caught stealing 2nd base 2-4
|
Top of the 7th over - 0 runs, 1 hit, 0 errors, 0 left on base; Bradenton 6 - Dunedin 11 |
BOTTOM OF THE 7TH |
Dunedin Blue Jays batting - Pitching for Bradenton Marauders : RHP Matt Wax
|
Batting: RHB Bryan Mattis
|
0-0: Called Strike 0-1: Ball 1-1: Ball 2-1: Ball 3-1: Called Strike 3-2: Foul Ball, location: 2F 3-2: Foul Ball, location: 2F 3-2: Foul Ball, location: 2F 3-2: Foul Ball, location: 2F 3-2: Strikes out swinging
|
Batting: LHB Roger Escareno
|
0-0: Called Strike 0-1: SINGLE (Groundball, 3D, EV 94.4 MPH)
|
Batting: RHB Luis Vargas
|
0-0: Fly out, F8 (Flyball, 8RD, EV 91.9 MPH)
|
Batting: RHB Mike Johnson
|
0-0: Fielders Choice at 2nd, 5-4 (Groundball, 5L, EV 85.6 MPH)
|
Bottom of the 7th over - 0 runs, 1 hit, 0 errors, 1 left on base; Bradenton 6 - Dunedin 11 |
TOP OF THE 8TH |
Bradenton Marauders batting - Pitching for Dunedin Blue Jays : LHP Akinori Morikawa
|
Batting: RHB Rusty Trader
|
0-0: Ball 1-0: SINGLE (Groundball, 4D, EV 103.1 MPH)
|
Batting: LHB Kazuyoshi Ikeda
|
0-0: Ball 1-0: Called Strike 1-1: Foul Ball, location: 2F 1-2: Foul Ball, location: 2F 1-2: Ball 2-2: Strikes out swinging
|
Batting: RHB Ryan LeSueur
|
0-0: Swinging Strike 0-1: Swinging Strike 0-2: Ball 1-2: Strikes out looking
|
Batting: SHB Don Hauk
|
0-0: Fly out, F8 (Line Drive, 8LD, EV 91.2 MPH)
|
Top of the 8th over - 0 runs, 1 hit, 0 errors, 1 left on base; Bradenton 6 - Dunedin 11 |
BOTTOM OF THE 8TH |
Dunedin Blue Jays batting - Pitching for Bradenton Marauders : RHP Matt Wax
|
Batting: RHB Jorge Cruz
|
0-0: Swinging Strike 0-1: Foul Ball, location: 2F 0-2: Ball 1-2: Ball 2-2: Ball 3-2: Fly out, F8 (Flyball, 89D, EV 105.0 MPH)
|
Batting: RHB Norm Mercer
|
0-0: Ball 1-0: Foul Ball, location: 2F 1-1: Called Strike 1-2: Ball 2-2: Fly out, F9 (Line Drive, 9, EV 95.6 MPH)
|
Batting: RHB Raul de la Cruz
|
0-0: Ball 1-0: Ball 2-0: Foul Ball, location: 2F 2-1: Ball 3-1: Foul Ball, location: 2F 3-2: Base on Balls
|
Pitching: RHP Sung-jae Choo
|
|
Batting: RHB Scott Travis
|
0-0: Ball 1-0: Ball 2-0: Ball 3-0: Called Strike 3-1: Fly out, F8 (Flyball, 8LD, EV 93.8 MPH)
|
Bottom of the 8th over - 0 runs, 0 hits, 0 errors, 1 left on base; Bradenton 6 - Dunedin 11 |
TOP OF THE 9TH |
Bradenton Marauders batting - Pitching for Dunedin Blue Jays : LHP Akinori Morikawa
|
Batting: RHB Hugo Montemayor
|
0-0: Called Strike 0-1: Fly out, F9 (Line Drive, 9S, EV 96.2 MPH)
|
Pitching: LHP Mike Hayden
|
|
Batting: SHB Jiong Qi
|
0-0: Foul Ball, location: 2F 0-1: Swinging Strike 0-2: Foul Ball, location: 2F 0-2: Ball 1-2: Foul Ball, location: 2F 1-2: Strikes out swinging
|
Pinch Hitting: RHB Randy Bergman
|
0-0: Swinging Strike 0-1: Ball 1-1: Foul Ball, location: 2F 1-2: Ball 2-2: Reached via error on a dropped throw from 3B, E3 (Groundball, 5L, EV 93.8 MPH)
|
Batting: RHB Hidesuke Yoshida
|
0-0: Called Strike 0-1: Swinging Strike 0-2: Strikes out swinging
|
Top of the 9th over - 0 runs, 0 hits, 1 error, 1 left on base; Bradenton 6 - Dunedin 11 |
|